 Dungeon Crawl Stone Soup version 0.29-a0-483-g69413ace17 (webtiles) character file.

Game seed: 4207650851279108083

358 hquester the Ducker (level 6, -1/32 HPs)
             Began as a Spriggan Hunter on May 25, 2022.
             Killed by divine providence
             ... invoked by an orc priest
              (10 damage)
             ... on level 4 of the Dungeon.
             The game lasted 00:19:31 (3461 turns).

hquester the Ducker (Spriggan Hunter)               Turns: 3461, Time: 00:19:32

Health: -1/32      AC:  2    Str:  7    XL:     6   Next: 37%
Magic:  7/7        EV: 21    Int: 11    God:
Gold:   162        SH:  0    Dex: 20    Spells: 5/5 levels left

rFire   . . .      SeeInvis +   a - +1 hand crossbow
rCold   . . .      Faith    .   (no shield)
rNeg    . . .      Spirit   .   b - +0 robe
rPois   .          Reflect  .   (helmet restricted)
rElec   .          Harm     .   (no cloak)
rCorr   .          Rampage  .   (gloves unavailable)
Will    ++...                   (boots unavailable)
Stlth   +++.......              (no amulet)
HPRegen 0.10/turn               k - ring of willpower
MPRegen 0.10/turn               h - ring of flight

@: flying, very quick
A: very small, no large weapons, unfitting armour, see invisible, speed 3
a: no special abilities


You were on level 4 of the Dungeon.
You visited 1 branch of the dungeon, and saw 4 of its levels.

You collected 162 gold pieces.

Inventory:

Hand Weapons
 a - a +1 hand crossbow (weapon)
 o - a +5 dagger
 p - a +2 dagger of venom
Armour
 b - a +0 robe (worn)
Jewellery
 d - a ring of magical power
 h - a ring of flight (right hand)
 k - a ring of willpower (left hand)
Wands
 m - a wand of flame (29)
Scrolls
 c - 2 scrolls of immolation
 e - 2 scrolls of teleportation
 g - a scroll of identify
 j - a scroll of vulnerability
Potions
 f - 3 potions of lignification
 i - 2 potions of brilliance {unknown}
 l - a potion of mutation
 n - a potion of flight {unknown}
 q - a potion of degeneration {unknown}
 r - a potion of berserk rage {unknown}
 s - a potion of attraction {unknown}


   Skills:
 + Level 2.5 Fighting
 + Level 0.5 Short Blades
 * Level 5.5 Crossbows
 * Level 5.6 Dodging
 + Level 4.3 Stealth


You had 5 spell levels left.
You didn't know any spells.
Your spell library contained the following spells:

 Spells                   Type           Power      Damage    Failure   Level
 Olgreb's Toxic Radiance  Pois           0%         N/A       98%         4
 Ozocubu's Refrigeration  Ice            0%         4d5       100%        7
 Ignition                 Fire           0%         3d3       100%        8


Dungeon Overview and Level Annotations

Branches:
Dungeon (4/15)
 Temple: D:4-7

Altars:
Okawaru

Shops:
D:3 :

Annotations:
D:4 Dowan, Duvessa


Innate Abilities, Weirdness & Mutations

You are very small and have problems with some larger weapons.
You are too small for most types of armour.
You have supernaturally acute eyesight. (SInv)
You cover ground extremely quickly. (Speed+++)


Message History

Found a stone staircase leading down.
f - 3 potions of lignification (gained 1)
You now have 162 gold pieces (gained 9).
A hobgoblin comes into view.
Shoot: a) +1 hand crossbow
Press: ? - help, Q - select action, (/) - cycle Shift-Dir - straight line, f - hobgoblin
Aim: a hobgoblin (asleep, 98% to hit)
You shoot a bolt. The bolt hits the hobgoblin.
The hobgoblin shouts!
The hobgoblin is heavily wounded.
You hear a shout!
Shoot: a) +1 hand crossbow
Press: ? - help, Q - select action, (/) - cycle Shift-Dir - straight line, f/p - hobgoblin
Aim: a hobgoblin (heavily wounded, 67% to hit)
You shoot a bolt. The bolt hits the hobgoblin!
You kill the hobgoblin!
An orc priest comes into view. It is wielding a +0 flail.
Shoot: a) +1 hand crossbow
Press: ? - help, Q - select action, (/) - cycle Shift-Dir - straight line, f - orc priest
Aim: an orc priest, wielding a +0 flail and wearing a +0 leather armour (67% to hit)
You shoot a bolt. The bolt hits the orc priest.
The orc priest is moderately wounded.
The orc priest calls down the wrath of Beogh upon you.
Beogh smites you!
Shoot: a) +1 hand crossbow
Press: ? - help, Q - select action, (/) - cycle Shift-Dir - straight line, f/p - orc priest
Aim: an orc priest, wielding a +0 flail and wearing a +0 leather armour (moderately wounded, 67% to hit)
You shoot a bolt. The bolt barely misses the orc priest.
The orc priest calls down the wrath of Beogh upon you.
Pain shoots through your body!
* * * LOW HITPOINT WARNING * * *
Shoot: a) +1 hand crossbow
Press: ? - help, Q - select action, (/) - cycle Shift-Dir - straight line, f/p - orc priest
Aim: an orc priest, wielding a +0 flail and wearing a +0 leather armour (moderately wounded, 67% to hit)
You shoot a bolt. The bolt barely misses the orc priest.
There is a stone staircase leading down here.
There is an open door here.
The orc priest calls down the wrath of Beogh upon you.
Beogh smites you!
You die...

#.#####.......'...
#.# #########...
#.# #...##### #.#
#...# #.# #...#
#.# #...# #.#
#...# #.# #...#
#@########...#
#.......o'...#
##########...#
...........#
######....#
..#>...# #.#....#
#.#######.#.#+##
#...†..o..o.#


You could see an orc priest.

Vanquished Creatures
  An orc warrior (D:3)
  Ijyb (D:3)
  Terence (D:3)
  Jessica (D:2)
  An orc wizard (D:3)
  Robin (D:2)
  3 gnolls (D:3)
  3 adders
  3 dart slugs
  5 orcs (D:3)
  5 ball pythons
  2 bats (D:2)
  7 endoplasms
  2 giant cockroaches (D:2)
  19 goblins
  7 hobgoblins
  3 jackals (D:2)
  A quokka (D:1)
  9 frilled lizards
  8 kobolds
  6 rats
89 creatures vanquished.

Notes
Turn   | Place    | Note
-------+----------+-------------------------------------------
     0 | D:1      | hquester the Spriggan Hunter began the quest for the Orb.
     0 | D:1      | Reached XP level 1. HP: 10/10 MP: 2/2
   194 | D:1      | Reached XP level 2. HP: 15/15 MP: 3/3
   260 | D:1      | Found a faded altar of an unknown god.
   781 | D:2      | Reached XP level 3. HP: 12/18 MP: 4/4
  1032 | D:2      | Noticed Jessica
  1066 | D:2      | Killed Jessica
  1067 | D:2      | Reached XP level 4. HP: 13/23 MP: 5/5
  1455 | D:2      | Noticed Robin
  1514 | D:2      | Killed Robin
  1965 | D:3      | Noticed an orc warrior
  2033 | D:3      | Killed an orc warrior
  2034 | D:3      | Reached skill level 5 in Crossbows
  2034 | D:3      | Reached skill level 5 in Dodging
  2034 | D:3      | Reached XP level 5. HP: 19/26 MP: 6/6
  2139 | D:3      | Found Vaasedap's Book Boutique.
  2280 | D:3      | Noticed Ijyb
  2317 | D:3      | Killed Ijyb
  2697 | D:3      | Noticed Terence
  2704 | D:3      | Killed Terence
  2705 | D:3      | Reached XP level 6. HP: 32/32 MP: 7/7
  2875 | D:3      | Found an iron altar of Okawaru.
  3246 | D:4      | Noticed Duvessa
  3246 | D:4      | Noticed Dowan
  3461 | D:4      | Killed from afar by an orc priest

Illustrated notes

Levels and vault maps discovered:
D:1:      tarquinn_simple_flora_water_d, layout_rooms,
          hellmonk_ecumenical_altar_crossroads
D:2:      layout_loops_corners, uniq_jessica, uniq_robin
D:3:      layout_basic, mainiacjoe_overflow_catwalk, serial_shops, shop,
          nicolae_concentric_dashed_squares_wild, kennysheep_decorative_pillar,
          uniq_terence, uniq_ijyb
D:4:      layout_basic, minmay_temple_entry_glassed_door,
          chequers_serial_rivers_micro_a, corexii_item_surrounded_by_moat,
          amethyst_killhole, uniq_grinder, uniq_pikel, uniq_duvessa,
          uniq_natasha

Skill      XL: |  1  2  3  4  5 |
---------------+----------------+-----
Dodging        | 3 4 5 |  5.6
Stealth        | 2 3 4 |  4.3
Fighting       | 2 |  2.5
Crossbows      | 5 |  5.5
Short Blades   | |  0.5

Action                   |  1- 3 |  4- 6 || total
-------------------------+-------+-------++-------
Melee: Dagger            |       |     3 ||     3
 Fire: Hand crossbow     |    77 |   161 ||   238
  Use: Scroll            |       |     6 ||     6
 Stab: Sleeping          |       |     1 ||     1
Armor: Robe              |     1 |     1 ||     2
Dodge: Dodged            |    13 |    18 ||    31

Table legend: (Time is in decaauts)
 A = Elapsed time spent in this place.
 B = Non-inter-level travel time spent in this place.
 C = Inter-level travel time spent in this place.
 D = Time resting spent in this place.
 E = Time spent auto-exploring this place.
 F = Levels seen in this place.
 G = Mean time per level.
                   A        B        C        D        E       F      G
               +--------+--------+--------+--------+--------+-----+--------+
         Total |   2520 |   2469 |     51 |    277 |   1397 |   4 |  630.0 |
       Dungeon |   2520 |   2469 |     51 |    277 |   1397 |   4 |  630.0 |
               +--------+--------+--------+--------+--------+-----+--------+

Top non-repeatable levels by time:
     D:3: 1037 daAuts
     D:2: 984 daAuts
     D:1: 360 daAuts
     D:4: 138 daAuts
